Map: Eternal Empire LE

Players

Namshar

  • Race: Zerg Zerg
  • League: Master
  • Spawn Location: 1:00

Scarlett - Winner!

  • Race: Zerg Zerg
  • Spawn Location: 7:00

Event: DreamHack SC2 Masters 2020 Fall

VOD

Have the link to the VOD?

Description

Time

  • Played on: Sept. 4, 2020, 4:43 p.m.
  • Length: 19:47

All games in this series

Show
View Real Time Build Order
Export as new Build Order

Namshar Zerg 

Build Orders: Hatch First, Lurkers 

Get SALT Encoding   

  12  0:00  Drone  
  13  0:12  Overlord  
  13  0:17  Drone  
  14  0:30  Drone x2  
  16  0:47  Hatchery  
  15  0:51  Drone  
  15  0:55  Drone  
  17  0:58  Drone  
  18  1:09  Extractor  
  17  1:12  Spawning Pool  
  17  1:17  Drone  
  17  1:21  Drone  
  18  1:27  Drone  
  19  1:39  Drone  
  20  1:49  Drone  
  21  1:59  Drone, Queen x2  
  21  2:00  Overlord  
  26  2:10  Drone x2  
  26  2:12  Metabolic Boost  
  28  2:21  Drone x2  
  30  2:32  Drone x2  
  32  2:37  Hatchery  
  32  2:44  Queen  
  31  2:49  Baneling Nest  
  32  2:52  Overlord  
  32  2:57  Drone x2  
  34  3:02  Zergling x2  
  34  3:05  Drone  
  36  3:11  Zergling x4  
  36  3:12  Drone x2  
  40  3:13  Drone  
  40  3:16  Zergling x2  
  40  3:19  Evolution Chamber  
  41  3:23  Overlord  
  41  3:24  Drone  
  42  3:27  Drone  
  42  3:33  Baneling  
  43  3:35  Drone  
  44  3:42  Baneling  
  44  3:44  Drone x2  
  44  3:45  Drone x3  
  49  3:53  Drone  
  49  3:54  Drone x4  
  54  4:00  Lair  
  54  4:03  Extractor  
  54  4:04  Extractor, Overlord  
  54  4:05  Drone x2  
  54  4:09  Drone  
  54  4:16  Roach Warren, Zerg Missile Weapons Level 1  
  53  4:17  Drone x3  
  53  4:22  Zergling x4  
  58  4:25  Overlord  
  58  4:26  Drone x2  
  60  4:36  Extractor  
  60  4:37  Drone x3  
  60  4:38  Drone x3  
  64  4:40  Extractor  
  64  4:42  Overlord  
  64  4:45  Overlord  
  63  4:46  Drone  
  63  4:49  Drone  
  65  4:53  Drone  
  65  4:54  Overlord x2  
  65  4:57  Glial Reconstitution  
  66  5:03  Roach x4  
  66  5:06  Baneling  
  74  5:08  Roach  
  74  5:09  Roach x2  
  78  5:22  Nydus Network  
  78  5:24  Roach x2  
  80  5:30  Roach x4  
  88  5:36  Roach x3  
  88  5:41  Overlord  
  88  5:42  Overlord  
  94  5:46  Roach  
  94  5:47  Roach x4  
  104  6:01  Overlord x2  
  103  6:05  Roach x4  
  103  6:11  Roach x6  
  119  6:14  Roach x2  
  119  6:19  Roach x2  
  119  6:24  Roach x2  
  125  6:29  Ravager  
  125  6:30  Overlord  
  126  6:36  Roach  
  126  6:37  Roach x5  
  128  6:46  Roach x5  
  130  6:55  Roach x2  
  130  7:04  Roach x5  
  134  7:12  Roach x4  
  140  7:18  Overlord  
  140  7:19  Nydus Canal  
  140  7:24  Roach  
  140  7:25  Roach  
  140  7:26  Queen  
  146  7:35  Nydus Canal  
  146  7:40  Drone  
  146  7:41  Drone x10  
  153  7:50  Nydus Canal  
  153  7:58  Queen, Extractor  
  148  8:10  Zerg Missile Weapons Level 2  
  146  8:13  Spire  
  146  8:14  Roach x4  
  146  8:17  Overlord x3  
  153  8:22  Nydus Canal  
  149  8:29  Hatchery  
  140  8:34  Roach  
  140  8:35  Roach x6  
  140  8:37  Queen  
  140  8:40  Pneumatized Carapace  
  156  8:45  Evolution Chamber  
  155  8:52  Overseer  
  155  8:55  Roach x5  
  165  8:58  Ravager x2  
  167  9:14  Roach  
  167  9:15  Roach x4  
  167  9:16  Zerg Ground Armor Level 1  
  177  9:18  Unknown  
  177  9:21  Ravager  
  177  9:26  Overseer  
  177  9:29  Overlord x4  
  178  9:31  Ravager  
  178  9:53  Ravager x2  
  178  9:54  Ravager x2  
  178  9:55  Roach  
  178  9:56  Roach x6  
  196  10:07  Overseer  
  196  10:15  Drone  
  196  10:17  Infestation Pit  
  196  10:19  Ravager  
  196  10:20  Ravager x3  
  181  10:59  Nydus Canal  
  177  11:04  Hive  
  177  11:07  Hydralisk Den  
  177  11:08  Overseer  
  177  11:09  Drone x4  
  175  11:15  Overseer  
  175  11:18  Tunneling Claws, Ravager x2  
  178  11:19  Burrow  
  178  11:20  Zerg Ground Armor Level 2  
  178  11:32  Roach x14  
  161  12:08  Roach x5  
  161  12:09  Roach x10  
  160  12:19  Hatchery  
  157  12:27  Zerg Missile Weapons Level 3  
  157  12:29  Grooved Spines  
  157  12:31  Roach x9  
  157  12:32  Lurker Den  
  174  12:48  Roach x13  
  172  13:06  Roach x4  
  166  13:13  Roach x5  
  169  13:26  Roach x2  
  146  13:31  Roach x4  
  146  13:38  Roach Warren  
  146  13:40  Muscular Augments  
  125  13:58  Hydralisk x7  
  125  14:00  Roach x3  
  125  14:01  Roach x3  
  139  14:09  Hydralisk x2  
  131  14:28  Hatchery  
  130  14:44  Hatchery  
  129  14:46  Lurker x2  
  129  14:50  Lurker  
  132  14:56  Lurker  
  133  15:01  Drone  
  134  15:08  Drone  
  134  15:14  Drone  
  136  15:29  Drone x3  
  136  15:33  Drone  
  140  15:40  Drone x2  
  142  15:45  Drone  
  142  15:47  Drone  
  144  15:51  Drone  
  146  15:57  Drone x2  
  147  16:05  Viper  
  147  16:06  Viper  
  153  16:14  Viper  
  153  16:15  Viper  
  153  16:16  Roach x21  
  159  16:20  Drone  
  159  16:21  Drone  
  159  16:23  Lurker x2  
  159  16:24  Lurker  
  164  16:29  Lurker x2  
  164  16:32  Hydralisk  
  166  16:39  Hydralisk x2  
  172  16:53  Hydralisk x3  
  171  17:08  Hydralisk x4  
  153  17:20  Hydralisk x3  
  153  17:21  Hydralisk  
  141  17:42  Hatchery  
  140  17:45  Roach x4  
  140  17:57  Adaptive Talons  
  138  18:06  Overlord  
  138  18:07  Hydralisk  
  138  18:08  Hydralisk x3  
  138  18:09  Roach  
  138  18:10  Roach x5  
  140  18:31  Hydralisk x4  
  134  18:39  Hydralisk  
  132  19:04  Hydralisk x4  
  129  19:12  Roach x4  
  129  19:16  Hydralisk  
Show
View Real Time Build Order
Export as new Build Order

Scarlett Zerg - Winner!

Build Orders: Hatch First, Lurkers 

Get SALT Encoding   

  12  0:00  Drone  
  13  0:12  Overlord  
  13  0:16  Drone  
  14  0:30  Drone x2  
  16  0:47  Hatchery  
  15  0:50  Drone  
  15  0:53  Drone  
  17  0:57  Drone  
  18  1:08  Extractor  
  17  1:12  Spawning Pool  
  17  1:15  Drone  
  17  1:20  Drone  
  18  1:27  Drone  
  19  1:39  Drone  
  20  1:49  Drone  
  21  1:59  Queen  
  21  2:00  Queen, Overlord  
  25  2:02  Drone  
  26  2:10  Metabolic Boost  
  26  2:11  Drone x2  
  28  2:20  Drone  
  28  2:21  Drone  
  30  2:32  Hatchery  
  30  2:36  Drone  
  30  2:38  Drone  
  30  2:44  Queen  
  31  2:49  Overlord  
  33  2:55  Drone x2  
  33  2:56  Drone  
  36  3:08  Drone x3  
  36  3:09  Drone x2  
  36  3:10  Zergling x2  
  36  3:11  Zergling x2  
  43  3:17  Overlord  
  43  3:19  Drone  
  44  3:39  Extractor  
  44  3:40  Drone x6  
  49  3:41  Evolution Chamber  
  49  3:42  Drone  
  49  3:50  Drone  
  49  3:54  Drone, Lair  
  49  3:55  Drone x2  
  53  3:58  Extractor, Roach Warren  
  53  4:01  Drone, Overlord  
  53  4:02  Drone  
  53  4:08  Overlord, Zerg Missile Weapons Level 1  
  53  4:14  Drone x3, Overlord  
  53  4:16  Drone  
  57  4:19  Drone  
  58  4:24  Zergling x4  
  58  4:26  Zergling x2  
  58  4:27  Zergling x6  
  64  4:31  Drone x2  
  65  4:39  Overlord  
  65  4:40  Drone x4  
  69  4:48  Extractor, Overlord x2  
  68  4:53  Glial Reconstitution, Nydus Network  
  68  4:54  Roach  
  68  4:55  Roach x2  
  73  5:00  Roach  
  73  5:01  Roach  
  73  5:03  Roach x2  
  73  5:05  Roach x2  
  85  5:10  Roach  
  84  5:18  Roach x3  
  84  5:20  Roach  
  84  5:21  Roach x2  
  95  5:27  Zergling x6  
  98  5:35  Nydus Canal  
  98  5:36  Roach x3  
  98  5:41  Overlord  
  98  5:42  Overlord x2  
  104  5:44  Spine Crawler  
  104  5:46  Spine Crawler  
  104  5:49  Roach, Overlord  
  105  5:57  Roach  
  105  6:00  Nydus Canal  
  105  6:02  Roach x6  
  105  6:04  Roach  
  117  6:10  Roach  
  117  6:11  Roach x2  
  120  6:12  Roach  
  114  6:19  Roach x3  
  114  6:25  Roach x3  
  124  6:26  Drone  
  124  6:27  Drone x2  
  124  6:32  Nydus Canal  
  127  6:33  Roach  
  127  6:37  Roach  
  125  6:40  Roach  
  110  6:48  Roach  
  110  6:49  Roach x3  
  110  6:51  Drone, Extractor x2, Roach  
  110  6:52  Drone x3  
  117  7:06  Roach  
  117  7:07  Roach x6  
  105  7:14  Roach  
  105  7:15  Roach x2  
  111  7:23  Roach x5  
  111  7:26  Roach  
  111  7:29  Roach x3  
  129  7:37  Roach x3  
  129  7:38  Roach x2  
  129  7:41  Overlord  
  129  7:43  Overlord  
  137  7:50  Overlord x2  
  137  7:52  Ravager  
  137  7:54  Zerg Missile Weapons Level 2  
  138  7:59  Overlord  
  136  8:07  Roach x6  
  146  8:13  Ravager  
  146  8:14  Ravager  
  146  8:16  Ravager  
  146  8:17  Roach  
  151  8:21  Roach x2  
  151  8:22  Roach x2  
  151  8:25  Roach x2  
  163  8:29  Roach  
  163  8:30  Roach  
  167  8:34  Roach, Overlord  
  167  8:35  Roach  
  167  8:38  Nydus Canal  
  167  8:40  Roach  
  167  8:41  Roach  
  175  8:44  Spine Crawler  
  175  8:47  Roach x2  
  178  8:52  Overlord  
  178  8:55  Hydralisk Den  
  177  8:56  Overseer  
  177  8:59  Overlord  
  177  9:00  Drone  
  177  9:01  Drone x2  
  180  9:03  Drone x2  
  182  9:11  Drone x3  
  182  9:12  Drone x3  
  188  9:25  Drone  
  188  9:30  Grooved Spines, Hydralisk x4, Lurker Den  
  196  9:33  Overlord  
  196  9:48  Overlord  
  196  9:49  Overlord  
  196  9:56  Hatchery  
  196  9:58  Pneumatized Carapace  
  195  10:02  Ravager  
  195  10:03  Ravager  
  197  10:14  Zerg Ground Armor Level 1  
  197  10:18  Spine Crawler  
  197  10:19  Spine Crawler  
  197  10:20  Infestation Pit  
  194  10:21  Nydus Canal  
  194  10:27  Lurker  
  194  10:28  Lurker x3  
  198  10:33  Roach Warren  
  197  10:40  Overlord x2  
  197  10:41  Muscular Augments  
  197  10:47  Hydralisk  
  197  10:48  Hydralisk x3  
  199  10:56  Nydus Canal  
  197  11:10  Roach, Hatchery  
  197  11:11  Roach  
  200  11:15  Overseer  
  200  11:34  Nydus Canal  
  200  11:38  Hive, Unknown  
  197  11:49  Nydus Canal  
  185  12:07  Roach x11  
  185  12:08  Roach x21  
  177  12:17  Roach  
  177  12:18  Roach x2  
  174  12:23  Roach  
  174  12:24  Roach x3  
  174  12:29  Ravager  
  183  12:30  Ravager  
  183  12:31  Roach, Ravager  
  183  12:32  Roach x3  
  193  12:43  Nydus Canal  
  193  12:47  Lurker x2  
  193  12:48  Roach x2  
  193  12:50  Spine Crawler  
  198  12:51  Spine Crawler  
  198  12:52  Spore Crawler  
  198  12:53  Spore Crawler  
  196  12:58  Ravager  
  186  13:15  Roach  
  186  13:16  Roach x6  
  186  13:19  Nydus Canal  
  197  13:23  Roach x4  
  185  13:32  Roach x10  
  185  13:33  Roach  
  180  13:42  Roach  
  180  13:43  Roach x2  
  180  13:47  Overseer  
  177  14:02  Drone  
  170  14:13  Roach x5  
  164  14:25  Hydralisk x2  
  164  14:26  Ravager  
  169  14:44  Drone x8  
  177  14:53  Seismic Spines  
  177  14:56  Lurker  
  177  14:58  Lurker  
  179  15:02  Viper x2  
  185  15:07  Drone  
  185  15:08  Drone  
  185  15:13  Hydralisk x2  
  191  15:21  Hydralisk x2  
  195  15:41  Drone x5  
  200  15:56  Spine Crawler x2  
  200  15:57  Spine Crawler  
  197  15:58  Spore Crawler x2  
  197  16:02  Hatchery  
  197  16:03  Lurker x4  
  198  16:04  Hydralisk  
  200  16:19  Overseer  
  200  16:24  Adaptive Talons  
  200  16:31  Spine Crawler  
  200  16:32  Overseer  
  199  16:44  Roach  
  195  16:59  Roach x2  
  164  17:21  Drone x3  
  164  17:22  Drone x2  
  162  17:25  Viper  
  162  17:26  Viper  
  162  17:27  Viper x3  
  162  17:28  Hydralisk  
  162  17:29  Hydralisk x8  
  195  17:31  Drone x5  
  200  18:08  Tunneling Claws  
  200  18:10  Burrow  
  200  18:38  Nydus Canal, Overseer  
  200  18:43  Overseer x3  
  200  18:53  Nydus Canal  

Tags
 
Add a new tag
Caveats
  • Supply blocks, unpowered buildings, or Contaminate may cause inaccurate times.
  • Supply counts are checked every 10 seconds.